AoeStats
← Yun

Arena

509988964Analyzed
3v3 RM · 4d ago on Sep 28, 2026· 45m 3s· 6 players
Game mode
Random Map
Map size
Normal (6 player)
Population
200
Speed
Normal
Resources
Standard
Victory
Conquest
Starting age
Dark Age
Ending age
Imperial Age
RankedLock teamsTeams togetherTeam positionsShared explorationLock speedFull tech treeHidden civsTurbo modeCheats
Victory
Defeat
🇨🇦 Sicilians · Canada
1199
+12
🇦🇷 Celts · Argentina
1197
+32
🇭🇰 Malay · Hong Kong SAR China
1187
+14
🇵🇹 Britons · Portugal
1128
-13
🇨🇭 Gurjaras · Switzerland
1120
-13
🇵🇹 Spanish · Portugal
1097
-12
Yun
10:42 Feudal Age
13:07 Loom
15:27 Castle Age
14:19 Double-Bit Axe
15:54 Horse Collar
20:29 Heavy Plow
22:17 Stone Mining
24:00 Wheelbarrow
24:07 Gold Mining
25:46 Gold Shaft Mining
26:31 Stone Shaft Mining
31:54 Imperial Age
29:48 Hand Cart
30:29 First Crusade
31:23 Bow Saw
31:55 Scale Mail Armor
32:06 Forging
31:52 Town Watch
33:11 Chain Mail Armor
32:27 Elite Serjeant
34:07 Crop Rotation
34:08 Squires
33:28 Pikeman
33:54 Gambesons
34:59 Halberdier
35:55 Fletching
37:38 Man-at-Arms
38:03 Arson
40:00 Chemistry
38:46 Arrowslits
39:39 Iron Casting
39:34 Plate Mail Armor
39:00 Bodkin Arrow
39:12 Capped Ram
40:22 Ballistics
40:51 Murder Holes
41:09 Masonry
40:43 Siege Ram
42:11 Heavy Scorpion
kaaaboooom
11:22 Feudal Age
16:32 Castle Age
21:23 Double-Bit Axe
23:26 Squires
23:38 Forging
28:05 Horse Collar
28:12 Loom
28:39 Bow Saw
28:22 Gold Mining
31:17 Wheelbarrow
34:11 Imperial Age
32:46 Masonry
34:04 Iron Casting
34:04 Conscription
34:13 Hand Cart
34:03 Arson
36:12 Fletching
36:22 Padded Archer Armor
37:27 Chemistry
37:04 Treadmill Crane
39:38 Heavy Plow
40:15 Gold Shaft Mining
39:27 Town Watch
40:16 Ballistics
40:06 Thumb Ring
39:22 Crossbowman
41:26 Arbalester
42:27 Bodkin Arrow
42:48 Leather Archer Armor
43:48 Bracer
43:54 Husbandry
44:03 Scale Barding Armor
ale chaco
10:50 Feudal Age
15:17 Castle Age
13:24 Double-Bit Axe
15:09 Horse Collar
17:26 Bow Saw
21:53 Heavy Plow
24:18 Wheelbarrow
24:29 Loom
25:52 Hand Cart
29:59 Imperial Age
27:56 Scale Mail Armor
28:07 Forging
27:44 Gambesons
27:46 Arson
28:58 Chain Mail Armor
30:31 Iron Casting
31:36 Plate Mail Armor
31:29 Conscription
30:58 Capped Ram
31:21 Elite Woad Raider
32:24 Siege Ram
36:33 Blast Furnace
40:41 Chemistry
40:02 Ballistics
wiiz
10:16 Feudal Age
14:42 Castle Age
13:32 Double-Bit Axe
15:49 Bow Saw
18:08 Wheelbarrow
19:26 Stone Mining
19:28 Horse Collar
maxii
10:30 Feudal Age
13:56 Loom
14:22 Double-Bit Axe
16:45 Castle Age
16:37 Double-Bit Axe
16:35 Horse Collar
16:49 Stone Mining
19:13 Bow Saw
21:33 Forging
21:58 Heavy Plow
23:55 Gold Mining
24:38 Husbandry
26:46 Bloodlines
30:10 Iron Casting
29:42 Scale Barding Armor
31:10 Sanctity
33:29 Imperial Age
32:34 Wheelbarrow
34:41 Conscription
33:43 Cavalier
35:27 Blast Furnace
36:20 Chain Barding Armor
37:10 Chemistry
FreakinAndry
10:21 Feudal Age
14:35 Castle Age
17:09 Double-Bit Axe
17:07 Horse Collar
18:31 Forging
18:21 Scale Mail Armor
21:02 Bow Saw
27:38 Loom
28:11 Town Watch
29:01 Wheelbarrow
28:16 Loom
29:17 Iron Casting
28:57 Chain Mail Armor
30:02 Hand Cart
30:08 Gold Mining
30:08 Stone Mining
31:45 Heavy Plow
35:11 Imperial Age
36:56 Elite Chakram Thrower
39:17 Plate Mail Armor
41:26 Conscription
Connection lost

Rejoining the realm…

Still unreachable

The connection could not be restored.

Session expired

The server has moved on; the page needs a fresh start.